PAAA
GRYFINDOR BRAVES @ HOUSTON BC
08/10/2028
 
TOP OF THE 1ST
Gryfindor Braves batting - Pitching for Houston BC : LHP Ismael Padilla
Pitching: LHP Ismael Padilla
Batting: RHB Gonzalo Ángel 0-0: Ball
1-0: SINGLE (Line Drive, 89S)
Batting: RHB Roy Herring 0-0: Ball
1-0: Ball
2-0: Called Strike
2-1: Ground out 5-3 (Groundball, 56S)
Gonzalo Ángel to second
Batting: LHB John Brewer 0-0: Ball
1-0: Swinging Strike
1-1: Ball
2-1: Ball
3-1: Base on Balls
Batting: RHB Turner Coleman 0-0: Called Strike
0-1: Fly out, F9 (Flyball, 89S)
Batting: SHB Emílio Gonzáles 0-0: Foul Ball, location: 2F
0-1: Foul Ball, location: 2F
0-2: Ball
1-2: Foul Ball, location: 2F
1-2: Strikes out swinging
Top of the 1st over - 0 run(s), 1 hit(s), 0 error(s), 2 left on base; Gryfindor 0 - Houston 0
BOTTOM OF THE 1ST
Houston BC batting - Pitching for Gryfindor Braves : RHP Fred Gunther
Pitching: RHP Fred Gunther
Batting: RHB Habbo Allaart 0-0: SINGLE (Line Drive, 8LS)
Batting: LHB Stefan Vanderhoof 0-0: Ball
1-0: Ball
2-0: Called Strike
2-1: Foul Ball, location: 2F
2-2: Ball
Habbo Allaart steals 2nd base
3-2: Fly out, F6 (Popup, 6MS)
Batting: RHB Joseph Gray 0-0: Called Strike
0-1: Foul Ball, location: 2F
0-2: SINGLE (Groundball, 56D)
Habbo Allaart to third
Runner from 3rd tries for Home, SAFE, no throw
Batting: LHB Álex Ramírez 0-0: Ball
1-0: Reached on error, E3 (Groundball, 3)
Joseph Gray to second
Batting: RHB Jesús Villalba 0-0: Fly out, F4 (Line Drive, 4)
Batting: RHB Orlando Padilla 0-0: Foul Ball, location: 2F
0-1: Ball
1-1: Ball
Wild Pitch!
Joseph Gray to third
Álex Ramírez to second
2-1: Foul Ball, location: 2F
2-2: Ball
Wild Pitch!
Joseph Gray scores
Álex Ramírez to third
3-2: Base on Balls
Batting: RHB Alfredo Rivera 0-0: Ball
1-0: Swinging Strike
1-1: Ball
2-1: SINGLE (Line Drive, 7S)
Álex Ramírez scores
Orlando Padilla to second
Batting: RHB Alfredo Mojica 0-0: Foul Ball, location: 2F
0-1: Swinging Strike
0-2: Ball
1-2: Foul Ball, location: 2F
1-2: Ball
2-2: Foul Ball, location: 2F
2-2: Foul Ball, location: 2F
2-2: Ball
3-2: Base on Balls
Orlando Padilla to third
Alfredo Rivera to second
Batting: RHB Ismael Sandoval 0-0: Ball
1-0: Swinging Strike
1-1: Foul Ball, location: 2F
1-2: Strikes out swinging
Bottom of the 1st over - 3 run(s), 3 hit(s), 1 error(s), 3 left on base; Gryfindor 0 - Houston 3
TOP OF THE 2ND
Gryfindor Braves batting - Pitching for Houston BC : LHP Ismael Padilla
Batting: RHB Raúl Reyna 0-0: Ball
1-0: Ball
2-0: SINGLE (Line Drive, 6MD)
Batting: LHB Micheal Garren 0-0: Ball
1-0: Ball
2-0: SINGLE (Groundball, 4MD)
Raúl Reyna to second
Batting: RHB Ernesto Souza 0-0: Swinging Strike
0-1: Swinging Strike
0-2: Ball
1-2: Ball
2-2: Foul Ball, location: 2F
2-2: SINGLE (Groundball, 56D)
Raúl Reyna to third
Micheal Garren to second
Batting: LHB William Wise 0-0: Ball
1-0: Ball
2-0: SINGLE (Groundball, 4MD)
Raúl Reyna scores
Micheal Garren to third
Ernesto Souza to second
Runner from 3rd tries for Home, SAFE, no throw
Batting: RHB Gonzalo Ángel 0-0: Ball
1-0: Called Strike
1-1: Ball
2-1: Swinging Strike
2-2: Ball
3-2: Base on Balls
Ernesto Souza to third
William Wise to second
Batting: RHB Roy Herring 0-0: Ball
1-0: Called Strike
1-1: Ball
2-1: Grounds into fielders choice 1-2 (Groundball, 13S)
William Wise to third
Gonzalo Ángel to second
Batting: LHB John Brewer 0-0: Foul Ball, location: 2F
0-1: Fly out, F2 (Popup, 15)
Batting: RHB Turner Coleman 0-0: Fielders Choice at 2nd, 6-4 (Groundball, 6)
Top of the 2nd over - 2 run(s), 4 hit(s), 0 error(s), 2 left on base; Gryfindor 2 - Houston 3
BOTTOM OF THE 2ND
Houston BC batting - Pitching for Gryfindor Braves : RHP Fred Gunther
Batting: RHB Habbo Allaart 0-0: SINGLE (Groundball, 56D)
Batting: LHB Stefan Vanderhoof 0-0: Ball
1-0: Called Strike
Habbo Allaart is caught stealing 2nd base
1-1: Called Strike
1-2: Ball
2-2: Ball
3-2: Ground out 4-3 (Groundball, 34D)
Batting: RHB Joseph Gray 0-0: Fly out, F8 (Flyball, 8RD)
Bottom of the 2nd over - 0 run(s), 1 hit(s), 0 error(s), 0 left on base; Gryfindor 2 - Houston 3
TOP OF THE 3RD
Gryfindor Braves batting - Pitching for Houston BC : LHP Ismael Padilla
Batting: SHB Emílio Gonzáles 0-0: Ball
1-0: Foul Ball, location: 2F
1-1: Ball
2-1: Ball
3-1: Called Strike
3-2: Foul Ball, location: 2F
3-2: Base on Balls
Batting: RHB Raúl Reyna 0-0: Ball
1-0: Ball
2-0: Ball
3-0: Base on Balls
Emílio Gonzáles to second
Batting: LHB Micheal Garren 0-0: Swinging Strike
0-1: Swinging Strike
0-2: Fly out, F8 (Flyball, 8RXD)
Runner from 2nd tags up, SAFE at 3rd, no throw
Batting: RHB Ernesto Souza 0-0: SINGLE (Line Drive, 8LS)
Emílio Gonzáles scores
Raúl Reyna to second
Batting: LHB William Wise 0-0: Fly out, F8 (Flyball, 89D)
Runner from 2nd tags up, SAFE at 3rd, no throw
Batting: RHB Gonzalo Ángel 0-0: Ball
1-0: Foul Ball, location: 2F
1-1: Swinging Strike
1-2: Ball
2-2: Strikes out swinging
Top of the 3rd over - 1 run(s), 1 hit(s), 0 error(s), 2 left on base; Gryfindor 3 - Houston 3
BOTTOM OF THE 3RD
Houston BC batting - Pitching for Gryfindor Braves : RHP Fred Gunther
Batting: LHB Álex Ramírez 0-0: Ball
1-0: Swinging Strike
1-1: Ground out 6-3 (Groundball, 6M)
Batting: RHB Jesús Villalba 0-0: Foul Ball, location: 2F
0-1: Ball
1-1: Ball
2-1: Foul Ball, location: 2F
2-2: Strikes out looking
Batting: RHB Orlando Padilla 0-0: Called Strike
0-1: Reached on error, E6 (Groundball, 6)
Batting: RHB Alfredo Rivera 0-0: Foul Ball, location: 2F
0-1: Ball
1-1: Foul Ball, location: 2F
1-2: SINGLE (Groundball, 56D)
Orlando Padilla to third
Runner from 3rd tries for Home, SAFE, no throw
Batting: RHB Alfredo Mojica 0-0: Ball
1-0: Ball
2-0: Fly out, F8 (Flyball, 78XD)
Bottom of the 3rd over - 1 run(s), 1 hit(s), 1 error(s), 1 left on base; Gryfindor 3 - Houston 4
TOP OF THE 4TH
Gryfindor Braves batting - Pitching for Houston BC : LHP Ismael Padilla
Batting: RHB Roy Herring 0-0: Ground out 4-3 (Groundball, 4)
Batting: LHB John Brewer 0-0: Ball
1-0: Called Strike
1-1: Ball
2-1: SINGLE (Line Drive, 4)
Batting: RHB Turner Coleman 0-0: Ball
1-0: Called Strike
1-1: Ball
2-1: Foul Ball, location: 2F
2-2: Grounds into double play, 6-4-3 (Groundball, 6)
Top of the 4th over - 0 run(s), 1 hit(s), 0 error(s), 0 left on base; Gryfindor 3 - Houston 4
BOTTOM OF THE 4TH
Houston BC batting - Pitching for Gryfindor Braves : RHP Fred Gunther
Batting: RHB Ismael Sandoval 0-0: Called Strike
0-1: Ball
1-1: Called Strike
1-2: Strikes out looking
Batting: RHB Habbo Allaart 0-0: Ball
1-0: Ball
2-0: Ball
3-0: Swinging Strike
3-1: Base on Balls
Batting: LHB Stefan Vanderhoof 0-0: Ball
Habbo Allaart steals 2nd base
1-0: Swinging Strike
1-1: SINGLE (Groundball, 34D)
Habbo Allaart to third
Runner from 3rd tries for Home, SAFE, no throw
Batting: RHB Joseph Gray 0-0: Called Strike
0-1: Ball
1-1: Foul Ball, location: 2F
1-2: Fly out, F9 (Flyball, 9LSF)
Batting: LHB Álex Ramírez 0-0: Ball
1-0: Called Strike
1-1: Foul Ball, location: 2F
1-2: Ball
2-2: SINGLE (Groundball, 4MD)
Stefan Vanderhoof to second
Batting: RHB Jesús Villalba 0-0: Called Strike
0-1: Foul Ball, location: 2F
0-2: Ball
1-2: Fly out, F7 (Flyball, 7)
Bottom of the 4th over - 1 run(s), 2 hit(s), 0 error(s), 2 left on base; Gryfindor 3 - Houston 5
TOP OF THE 5TH
Gryfindor Braves batting - Pitching for Houston BC : LHP Ismael Padilla
Batting: SHB Emílio Gonzáles 0-0: Ball
1-0: Ball
2-0: Called Strike
2-1: Fly out, F6 (Popup, 56D)
Batting: RHB Raúl Reyna 0-0: Ball
1-0: Fly out, F9 (Line Drive, 89S)
Batting: LHB Micheal Garren 0-0: Foul Ball, location: 2F
0-1: Ball
1-1: Ball
2-1: Swinging Strike
2-2: SINGLE (Line Drive, 6MD)
Batting: RHB Ernesto Souza 0-0: Called Strike
0-1: SINGLE (Line Drive, 8LS)
Micheal Garren to second
Runner from 2nd tries for 3rd, SAFE, throw made to third
Batting: LHB William Wise 0-0: Ball
1-0: Ball
2-0: Called Strike
2-1: SINGLE (Flyball, 8LS)
Micheal Garren scores
Ernesto Souza to second
Pitching: LHP Stanton Miranda
Batting: RHB Gonzalo Ángel 0-0: Ball
1-0: Called Strike
1-1: Foul Ball, location: 2F
1-2: Ball
2-2: Fielders Choice at 2nd, 4-6 (Groundball, 4)
Top of the 5th over - 1 run(s), 3 hit(s), 0 error(s), 1 left on base; Gryfindor 4 - Houston 5
BOTTOM OF THE 5TH
Houston BC batting - Pitching for Gryfindor Braves : RHP Fred Gunther
Batting: RHB Orlando Padilla 0-0: Ball
1-0: Called Strike
1-1: Foul Ball, location: 2F
1-2: Fly out, F7 (Flyball, 7LSF)
Batting: RHB Alfredo Rivera 0-0: Ball
1-0: Called Strike
1-1: Fly out, F9 (Flyball, 9LS)
Batting: RHB Alfredo Mojica 0-0: Ball
1-0: Ball
2-0: Called Strike
2-1: Ball
3-1: Base on Balls
Batting: RHB Ismael Sandoval 0-0: Ball
1-0: Called Strike
1-1: Fly out, F5 (Line Drive, 5)
Bottom of the 5th over - 0 run(s), 0 hit(s), 0 error(s), 1 left on base; Gryfindor 4 - Houston 5
TOP OF THE 6TH
Gryfindor Braves batting - Pitching for Houston BC : LHP Stanton Miranda
Batting: RHB Roy Herring 0-0: Ball
1-0: Called Strike
1-1: Foul Ball, location: 2F
1-2: Ball
2-2: Foul Ball, location: 2F
2-2: Foul Ball, location: 2F
2-2: Foul Ball, location: 2F
2-2: Ball
3-2: Base on Balls
Batting: LHB John Brewer 0-0: Ball
1-0: 2-RUN HOME RUN (Flyball, 9D), Distance : 377 ft
Batting: RHB Turner Coleman 0-0: Ball
1-0: Ball
2-0: Ball
3-0: Base on Balls
Batting: SHB Emílio Gonzáles 0-0: Foul Ball, location: 2F
0-1: Ball
1-1: Called Strike
1-2: Strikes out swinging
Batting: RHB Raúl Reyna 0-0: Fly out, F6 (Popup, 56D)
Batting: LHB Micheal Garren 0-0: Called Strike
0-1: Reached on error, E4 (Groundball, 4)
Turner Coleman to second
Batting: RHB Ernesto Souza 0-0: Ball
1-0: Swinging Strike
1-1: Called Strike
1-2: Fly out, F6 (Popup, 6)
Top of the 6th over - 2 run(s), 1 hit(s), 1 error(s), 2 left on base; Gryfindor 6 - Houston 5
BOTTOM OF THE 6TH
Houston BC batting - Pitching for Gryfindor Braves : RHP Fred Gunther
Batting: RHB Habbo Allaart 0-0: SINGLE (Groundball, 6) (infield hit)
Batting: LHB Stefan Vanderhoof 0-0: Ball
1-0: Bunted foul
1-1: Bunted foul
1-2: Ball
2-2: Ball
3-2: Strikes out swinging
Pitching: RHP Rodrigo Torres
Batting: RHB Joseph Gray 0-0: Ball
1-0: Called Strike
1-1: Ball
2-1: Foul Ball, location: 2F
2-2: Strikes out swinging
Batting: LHB Álex Ramírez 0-0: Ball
1-0: Ball
2-0: Called Strike
2-1: Ball
3-1: Base on Balls
Habbo Allaart to second
Batting: RHB Jesús Villalba 0-0: Ball
1-0: 3-RUN HOME RUN (Flyball, 7D), Distance : 418 ft
Batting: RHB Orlando Padilla 0-0: Ball
1-0: Called Strike
1-1: Ball
2-1: Ball
3-1: Called Strike
3-2: Strikes out swinging
Bottom of the 6th over - 3 run(s), 2 hit(s), 0 error(s), 0 left on base; Gryfindor 6 - Houston 8
TOP OF THE 7TH
Gryfindor Braves batting - Pitching for Houston BC : LHP Stanton Miranda
Batting: LHB William Wise 0-0: Fly out, F7 (Flyball, 78S)
Batting: RHB Gonzalo Ángel 0-0: Ball
1-0: Called Strike
1-1: Ball
2-1: Called Strike
2-2: Fly out, F7 (Flyball, 7)
Batting: RHB Roy Herring 0-0: Foul Ball, location: 2F
0-1: Foul Ball, location: 2F
0-2: Ground out U3 (Groundball, 3L)
Top of the 7th over - 0 run(s), 0 hit(s), 0 error(s), 0 left on base; Gryfindor 6 - Houston 8
BOTTOM OF THE 7TH
Houston BC batting - Pitching for Gryfindor Braves : RHP Rodrigo Torres
Batting: RHB Alfredo Rivera 0-0: Ball
1-0: Fly out, F9 (Line Drive, 9D)
Batting: RHB Alfredo Mojica 0-0: Called Strike
0-1: Ball
1-1: Called Strike
1-2: Strikes out swinging
Batting: RHB Ismael Sandoval 0-0: Called Strike
0-1: Ball
1-1: Called Strike
1-2: Ball
2-2: Foul Ball, location: 2F
2-2: Ball
3-2: Foul Ball, location: 2F
3-2: Base on Balls
Batting: RHB Habbo Allaart 0-0: Ball
Wild Pitch!
Ismael Sandoval to second
1-0: Ball
2-0: Ball
3-0: Called Strike
3-1: Called Strike
3-2: Foul Ball, location: 2F
3-2: Base on Balls
Batting: LHB Stefan Vanderhoof 0-0: Ball
1-0: Ball
2-0: Fly out, F9 (Flyball, 9S)
Bottom of the 7th over - 0 run(s), 0 hit(s), 0 error(s), 2 left on base; Gryfindor 6 - Houston 8
TOP OF THE 8TH
Gryfindor Braves batting - Pitching for Houston BC : LHP Stanton Miranda
Batting: LHB John Brewer 0-0: Called Strike
0-1: Ball
1-1: Ball
2-1: Fly out, F9 (Flyball, 9S)
Batting: RHB Turner Coleman 0-0: Called Strike
0-1: Called Strike
0-2: Ball
1-2: Foul Ball, location: 2F
1-2: Foul Ball, location: 2F
1-2: Foul Ball, location: 2F
1-2: SINGLE (Flyball, 9LS)
Pitching: LHP Jamie Scott
Batting: SHB Emílio Gonzáles 0-0: Swinging Strike
0-1: Ball
1-1: Ball
2-1: Grounds into double play, 6-4-3 (Groundball, 6M)
Top of the 8th over - 0 run(s), 1 hit(s), 0 error(s), 0 left on base; Gryfindor 6 - Houston 8
BOTTOM OF THE 8TH
Houston BC batting - Pitching for Gryfindor Braves : RHP Rodrigo Torres
Batting: RHB Joseph Gray 0-0: Ball
1-0: Ball
2-0: Ball
3-0: Base on Balls
Batting: LHB Álex Ramírez 0-0: Called Strike
0-1: Swinging Strike
0-2: Ball
1-2: Strikes out swinging
Batting: RHB Jesús Villalba 0-0: Ball
1-0: Called Strike
1-1: Swinging Strike
1-2: Ball
2-2: Strikes out swinging
Batting: RHB Orlando Padilla 0-0: Fielders Choice at 2nd, 5-4 (Groundball, 56)
Bottom of the 8th over - 0 run(s), 0 hit(s), 0 error(s), 0 left on base; Gryfindor 6 - Houston 8
TOP OF THE 9TH
Gryfindor Braves batting - Pitching for Houston BC : LHP Jamie Scott
Pitching: RHP Katsuyoshi Takuda
Batting: RHB Raúl Reyna 0-0: Called Strike
0-1: Ball
1-1: Foul Ball, location: 2F
1-2: Ball
2-2: Foul Ball, location: 2F
2-2: Ball
3-2: Foul Ball, location: 2F
3-2: Fly out, F8 (Flyball, 8LM)
Batting: LHB Micheal Garren 0-0: Ball
1-0: Swinging Strike
1-1: Ground out 4-3 (Groundball, 34)
Batting: RHB Ernesto Souza 0-0: Called Strike
0-1: Ball
1-1: Hit by Pitch
Pinch Hitting: SHB Salvador Trevino 0-0: Ball
1-0: Ball
2-0: Ball
3-0: Called Strike
3-1: Base on Balls
Ernesto Souza to second
Batting: RHB Gonzalo Ángel 0-0: Ball
1-0: Foul Ball, location: 2F
1-1: Foul Ball, location: 2F
1-2: Foul Ball, location: 2F
1-2: Foul Ball, location: 2F
1-2: Fly out, F8 (Flyball, 8RM)
Top of the 9th over - 0 run(s), 0 hit(s), 0 error(s), 2 left on base; Gryfindor 6 - Houston 8
Wednesday, August 23rd, 2017 - OOTP Baseball 17.12 Build 75